 Dungeon Crawl Stone Soup version 0.30-a0-986-g7f2e898f52 (webtiles) character file.

Game seed: 12549088604157213651

9615 Madmarshman the Cleaver (level 11, -3/138 HPs)
             Began as a Minotaur Berserker on Nov 20, 2021.
             Was a High Priest of Trog.
             Slain by a cane toad (11 damage)
             ... on level 3 of the Lair of Beasts on Apr 2, 2023.
             The game lasted 01:28:24 (13456 turns).

Madmarshman the Cleaver (Minotaur Berserker)       Turns: 13456, Time: 01:28:25

Health: -3/138     AC: 19    Str: 30    XL:     11   Next: 25%
Magic:  10/10      EV:  9    Int:  4    God:    Trog [*****.]
Gold:   410        SH:  6    Dex: 12    Spells: 10/10 levels left

rFire   + . .      SeeInvis .    F - +2 scimitar (flame)
rCold   . . .      Faith    +    i - +0 kite shield
rNeg    . . .      Spirit   .    z - +0 plate armour
rPois   .          Reflect  .    (helmet restricted)
rElec   .          Rampage  .    o - +2 cloak
rCorr   .                        c - +0 pair of gloves
Will    .....                    (no boots) Stlth
                                 k - amulet of faith
HPRegen 0.43/turn                E - +6 ring of strength
MPRegen 0.12/turn                K - ring of protection from fire

@: berserking (expiring), lethally poisoned (-3 -> -6), very quick
A: horns 2, retaliatory headbutt
a: Renounce Religion, Berserk, Trog's Hand, Brothers in Arms


You were on level 3 of the Lair of Beasts.
You worshipped Trog.
Trog was extremely pleased with you.
You visited 3 branches of the dungeon, and saw 12 of its levels.

You collected 410 gold pieces.

Inventory:

Hand Weapons
 b - a +0 sling
 g - a +2 halberd
 m - a +4 antimagic battleaxe
 p - a +0 long sword
 s - a +3 quarterstaff of chaos
 x - a +0 battleaxe
 y - the +9 hand axe of Breach {elec, rPois rCorr Int+4}
   (You found it on level 5 of the Dungeon)

   Int:       It affects your intelligence (+4).
   rPois:     It protects you from poison.
   rCorr:     It protects you from acid and corrosion.
 F - a +2 scimitar of flaming (weapon)
 J - a +2 dagger of holy wrath
Missiles
 q - 56 stones
 D - 9 javelins (quivered)
 M - 14 poisoned darts
Armour
 c - a +0 pair of gloves (worn)
 i - a +0 kite shield (worn)
 o - a +2 cloak (worn)
 z - a +0 plate armour (worn)
Jewellery
 k - an amulet of faith (around neck)
 t - a ring of protection from cold
 v - a ring of flight
 E - a +6 ring of strength (left hand)
 K - a ring of protection from fire (right hand)
 O - a +6 ring of intelligence
Wands
 n - a wand of iceblast (12)
 B - a wand of charming (4)
 N - a wand of flame (26)
Scrolls
 e - a scroll of enchant armour
 f - a scroll of amnesia {unknown}
 h - 3 scrolls of fear {unknown}
 j - a scroll of enchant weapon {unknown}
 u - a scroll of magic mapping {unknown}
 I - a scroll of immolation {unknown}
 L - 2 scrolls of noise
Potions
 d - 2 potions of cancellation
 l - 4 potions of heal wounds
 w - 2 potions of might
 A - a potion of haste
 C - 2 potions of curing
 G - a potion of brilliance {unknown}
 P - a potion of berserk rage {unknown}
 R - a potion of attraction {unknown}
Miscellaneous
 a - a piece from Xom's chessboard (15/15)


   Skills:
 - Level 7.5 Fighting
 * Level 13.7 Axes
 - Level 5.0 Throwing
 + Level 9.8 Armour
 + Level 9.0 Dodging
 + Level 2.1 Evocations


You had 10 spell levels left.
You didn't know any spells.
Your spell library was empty.

Dungeon Overview and Level Annotations

Branches:
Dungeon (8/15)             Temple (1/1) D:5            Lair (3/6) D:8
 Shoals (0/4) Lair:2
  Snake: Lair:2-3    Spider: Lair:2-3

Altars:
Ashenzari
Cheibriados
Dithmenos
Elyvilon
Fedhas
Gozag
Hepliaklqana
Kikubaaqudgha
Makhleb
Nemelex Xobeh
Okawaru
Qazlal
Ru
Sif Muna
Trog
Uskayaw
Vehumet
Wu Jian
Xom
Zin
The Shining One

Shops:
D:7 *


Innate Abilities, Weirdness & Mutations

You have a pair of horns on your head.
You reflexively headbutt those who attack you in melee.


Message History

A red film seems to cover your vision as you go berserk!
You feel yourself moving faster!
You feel mighty!
You feel very sick. You block the cane toad's attack.
The four-headed hydra bites you but does no damage.
The four-headed hydra bites you.
* * * LOW HITPOINT WARNING * * *
The four-headed hydra bites you but does no damage.
The four-headed hydra misses you. You block the cane toad's attack.
You hack one of the four-headed hydra's heads off!
The flame cauterises the wound!
You slash the three-headed hydra! You burn the three-headed hydra.
The three-headed hydra is severely wounded.
You feel very sick.
The three-headed hydra bites you but does no damage. x2
The three-headed hydra bites you.
* * * LOW HITPOINT WARNING * * *
The cane toad stings you!
* * * LOW HITPOINT WARNING * * *
You lop one of the three-headed hydra's heads off!
The flame cauterises the wound!
You hit the two-headed hydra. You burn the two-headed hydra.
The two-headed hydra is severely wounded.
You feel sick. The two-headed hydra barely misses you.
The two-headed hydra bites you.
* * * LOW HITPOINT WARNING * * *
You block the cane toad's attack.
You slice one of the two-headed hydra's heads off!
The flame cauterises the wound!
You slash the one-headed hydra! You burn the one-headed hydra.
You headbutt the one-headed hydra!
The one-headed hydra is almost dead.
You feel very sick.
The one-headed hydra bites you but does no damage.
The cane toad stings you but does no damage.
You barely miss the one-headed hydra.
The one-headed hydra is almost dead.
You feel sick.
The one-headed hydra closely misses you.
The cane toad stings you!
You die...

..............
.....⌠...?...
............
..⌠..<..⌠.. ..
.......... ...
##...⌠... #....
......FD#......
###+#@.......
#....#.......
#.....#......
#⌠.<.⌠....#..
..........#..#...
....##.⌠..#.P# ..
... #.##...... .
.. .. ....... ...
.......


You could see an one-headed hydra and a cane toad.

Vanquished Creatures
  Erica (D:8)
  2 merfolk sirens (Lair:2)
  A rime drake (Lair:1)
  3 cane toads
  3 komodo dragons
  5 blink frogs (Lair:2)
  A wyvern (Lair:2)
  4 yaks (D:6)
  Grum (D:8)
  3 steam dragons
  8 water moccasins
  2 orc warriors (D:8)
  3 sky beasts
  4 ogres
  A black bear (D:6)
  3 wolves (D:8)
  2 centaurs (D:8)
  2 phantoms
  A kobold brigand (D:7)
  Blork the orc (D:5)
  8 bullfrogs
  7 wights (D:6)
  A water moccasin skeleton (D:5)
  4 howler monkeys
  A crimson imp (D:3)
  Crazy Yiuf (D:3)
  A jelly (D:7)
  6 orc priests
  A hound (D:5)
  A sleepcap (D:7)
  Ijyb (D:3)
  2 iguanas (D:6)
  Terence (D:3)
  9 orc wizards
  4 adders
  A white imp (D:7)
  An ufetubus (D:4)
  2 dart slugs
  39 orcs
  9 bats
  7 endoplasms
  7 giant cockroaches
  12 goblins
  7 hobgoblins
  11 jackals
  4 quokkas
  4 ball pythons
  A frilled lizard (D:2)
  6 kobolds
  A quokka skeleton (D:4)
  5 rats
216 creatures vanquished.

Vanquished Creatures (others)
  7 fungi
  47 plants
54 creatures vanquished.

Grand Total: 270 creatures vanquished

Notes
Turn   | Place    | Note
-------+----------+-------------------------------------------
     0 | D:1      | Madmarshman the Minotaur Berserker began the quest for the
                  | Orb.
     0 | D:1      | Reached XP level 1. HP: 19/19 MP: 0/0
   208 | D:1      | Reached XP level 2. HP: 16/27 MP: 1/1
   210 | D:1      | Reached skill level 4 in Axes
   743 | D:1      | Reached ** piety under Trog
  1098 | D:1      | Found a faded altar of an unknown god.
  1118 | D:1      | Reached XP level 3. HP: 33/33 MP: 2/2
  1997 | D:2      | You fall into a shaft and drop 2 floors!
  2094 | D:4      | Found an ornate altar of the Wu Jian Council.
  2252 | D:3      | Reached XP level 4. HP: 32/40 MP: 3/3
  2710 | D:3      | Noticed Terence
  2732 | D:3      | Killed Terence
  2733 | D:3      | Reached skill level 5 in Axes
  3416 | D:3      | Noticed Ijyb
  3417 | D:3      | Reached XP level 5. HP: 47/47 MP: 4/4
  3423 | D:3      | Killed Ijyb
  3721 | D:2      | Found a broken altar of Ashenzari.
  4238 | D:3      | Reached *** piety under Trog
  4293 | D:3      | Found a runed translucent door.
  4294 | D:3      | Noticed Crazy Yiuf
  4594 | D:3      | Found a shadowy altar of Dithmenos.
  4671 | D:3      | Found a burning altar of Makhleb.
  4674 | D:3      | Found a radiant altar of Vehumet.
  4876 | D:3      | Killed Crazy Yiuf
  4877 | D:3      | Reached XP level 6. HP: 55/55 MP: 1/5
  5381 | D:4      | Reached skill level 6 in Axes
  5397 | D:4      | Reached skill level 5 in Fighting
  6181 | D:5      | Entered Level 5 of the Dungeon
  6186 | D:5      | Upgraded the game from 0.28-a0-863-g8cecda6153 to
                  | 0.30-a0-986-g7f2e898f52
  6201 | D:5      | Noticed Blork the orc
  6206 | D:5      | Killed Blork the orc
  6681 | D:5      | Found a stormy altar of Qazlal.
  6743 | D:5      | Reached XP level 7. HP: 40/61 MP: 6/6
  6862 | D:5      | Found a shimmering altar of Xom.
  6866 | D:5      | Identified the +9 hand axe of Breach {elec, rPois rCorr
                  | Int+4}
  6886 | D:5      | Reached skill level 7 in Axes
  6944 | D:5      | Found a staircase to the Ecumenical Temple.
  7014 | D:5      | Reached skill level 5 in Armour
  7339 | D:6      | Reached skill level 5 in Dodging
  7343 | D:6      | Reached **** piety under Trog
  7366 | D:6      | Reached XP level 8. HP: 65/70 MP: 7/7
  7367 | D:6      | Reached skill level 8 in Axes
  7624 | D:6      | Found a sacrificial altar of Ru.
  7860 | D:6      | Reached skill level 9 in Axes
  7884 | D:6      | Found a blossoming altar of Fedhas.
  8044 | D:6      | Reached XP level 9. HP: 73/79 MP: 8/8
  8316 | D:6      | Reached skill level 10 in Axes
  8464 | Temple   | Entered the Ecumenical Temple
  8909 | D:7      | Reached skill level 1 in Throwing
  9463 | D:7      | Found Gatyiss's Gadget Gallery.
  9868 | D:7      | Reached ***** piety under Trog
 10072 | D:8      | Reached skill level 11 in Axes
 10459 | D:8      | Noticed Erica
 10465 | D:8      | Killed Erica
 10466 | D:8      | Reached XP level 10. HP: 86/86 MP: 9/9
 10658 | D:8      | Noticed Grum
 10670 | D:8      | Killed Grum
 10684 | D:8      | Found a staircase to the Lair.
 10748 | D:8      | Found a snail-covered altar of Cheibriados.
 10760 | D:8      | Reached skill level 12 in Axes
 10821 | D:8      | Found a glowing silver altar of Zin.
 10984 | D:8      | Found a large runed translucent door.
 11043 | D:8      | Found a large runed translucent door.
 11153 | D:8      | Found a hide-covered altar of Uskayaw.
 11169 | D:8      | Found an iron altar of Okawaru.
 11234 | Lair:1   | Entered Level 1 of the Lair of Beasts
 11770 | Lair:1   | Noticed a cane toad
 11794 | Lair:1   | Killed a cane toad
 12186 | Lair:1   | Noticed a cane toad
 12195 | Lair:1   | Killed a cane toad
 12290 | Lair:2   | Reached skill level 13 in Axes
 12458 | Lair:2   | Reached skill level 5 in Throwing
 12498 | Lair:2   | Noticed a cane toad
 12505 | Lair:2   | Killed a cane toad
 12506 | Lair:2   | Reached skill level 1 in Evocations
 12506 | Lair:2   | Reached XP level 11. HP: 81/92 MP: 10/10
 13092 | Lair:2   | Found a staircase to the Shoals.
 13105 | Lair:2   | Received a gift from Trog
 13442 | Lair:3   | Noticed a five-headed hydra
 13456 | Lair:3   | Slain by a cane toad

Illustrated notes

Levels and vault maps discovered:
D:1:      denvon_arrival_planthouse, layout_loops_ring, basic_ecumenical_altar
D:2:      layout_loops_ring, basic_altar, grunt_ministairs_13
D:3:      layout_basic, lemuel_coloured_pillars_altar,
          grunt_temple_overflow_lords_of_destruction, uniq_ijyb, uniq_terence,
          uniq_crazy_yiuf_cottage
D:4:      layout_loops_cross, mainiacjoe_overflow_tiny_flanked,
          grunt_ministairs_3, hangedman_decor_diamond_cutter
D:5:      layout_loops_ring, nicolae_qazlal_eye_of_the_storm,
          mainiacjoe_overflow_surrounded_room, minmay_temple_entry_hall,
          minmay_misc_feat_secret_circle, uniq_blork_the_orc
D:6:      layout_gridville, nicolae_ru_great_annihilating_truth, fedhas_altar_1
D:7:      nicolae_cairo_tiling_large, layout_basic, nicolae_sextant,
          nicolae_shop_gadgets
D:8:      layout_loops_ring, cheibriados_altar_1, jmf_multi_god_temple2,
          mainiacjoe_overflow_catwalk, david_lair_shrubbed, minmay_holes,
          grunt_ministairs_1, nicolae_titane, uniq_grum, uniq_erica
Temple:   jpeg_temple_island
Lair:1:   layout_layer_cave, hangedman_lair_unloving_vines,
          small_statue_intersection, serial_bayou_lagoon_a, grunt_megastairs_5
Lair:2:   layout_small_grid, elwin_shoals_entry_rooms
Lair:3:   layout_hall_layers, gauntlet_entry_generic, serial_bayou_ford_a,
          grunt_megastairs_3

Skill      XL: |  1  2  3  4  5  6  7  8  9 10 11 |
---------------+----------------------------------+-----
Axes           | 4 5 6 7 9 11 13 | 13.7
Fighting       | 4 5 6 7 |  7.5
Armour         | 3 4 5 6 8 9 |  9.8
Dodging        | 3 4 5 6 7 8 9 |  9.0
Throwing       | 3 5 |  5.0
Evocations     | 1 2 |  2.1

Action                     |  1- 3 |  4- 6 |  7- 9 | 10-12 || total
---------------------------+-------+-------+-------+-------++-------
  Melee: Hand axe          |    85 |   154 |   183 |   149 ||   571
         Headbutt          |    12 |    25 |    28 |    32 ||    97
         Scimitar          |       |       |       |     8 ||     8
  Throw: Javelin           |       |       |     6 |     1 ||     7
         Stone             |       |       |     3 |       ||     3
 Invoke: Berserk           |     1 |     4 |     2 |     1 ||     8
         Trog's Hand       |       |     1 |     2 |       ||     3
    Use: Scroll            |       |     3 |     4 |     1 ||     8
   Stab: Paralysed         |       |       |     1 |       ||     1
 Armour: Animal skin       |    14 |       |       |       ||    14
         Ring mail         |    15 |    12 |       |       ||    27
         Scale mail        |       |    44 |       |       ||    44
         Chain mail        |       |    25 |     4 |       ||    29
         Plate armour      |       |       |    72 |    60 ||   132
  Dodge: Dodged            |    40 |    47 |    30 |    39 ||   156
  Block: Kite shield       |    20 |    42 |    39 |    32 ||   133

Table legend: (Time is in decaauts)
 A = Elapsed time spent in this place.
 B = Non-inter-level travel time spent in this place.
 C = Inter-level travel time spent in this place.
 D = Time resting spent in this place.
 E = Time spent auto-exploring this place.
 F = Levels seen in this place.
 G = Mean time per level.
                   A        B        C        D        E       F      G
               +--------+--------+--------+--------+--------+-----+--------+
         Total |  13642 |  13155 |    487 |   3916 |   7221 |  12 | 1136.8 |
       Dungeon |  11145 |  10743 |    402 |   3916 |   5106 |   8 | 1393.1 |
        Temple |    276 |    254 |     22 |      0 |    244 |   1 |  276.0 |
          Lair |   2220 |   2158 |     62 |      0 |   1870 |   3 |  740.0 |
               +--------+--------+--------+--------+--------+-----+--------+

Top non-repeatable levels by time:
     D:3: 2494 daAuts
     D:1: 1374 daAuts
     D:4: 1280 daAuts
     D:7: 1270 daAuts
     D:5: 1241 daAuts
     D:8: 1215 daAuts
  Lair:2: 1164 daAuts
     D:6: 1140 daAuts
     D:2: 1128 daAuts
  Lair:1: 1037 daAuts
  Temple: 276 daAuts
  Lair:3: 18 daAuts
